 Dungeon Crawl Stone Soup version 0.31-a0-691-g409c26aa35 (webtiles) character file.

Game seed: 3448817394058712113

322078 MackTheKnife the Ogre Mage (level 21, -2/220 HPs)
             Began as an Ogre Fire Elementalist on Sept 3, 2023.
             Was a High Priest of Ashenzari.
             Killed from afar by a tengu reaver (42 damage)
             ... with a bolt of lightning
             ... on level 3 of the Vaults on Sept 6, 2023.
             The game lasted 01:58:02 (57016 turns).

MackTheKnife the Ogre Mage (OgFE)                  Turns: 57016, Time: 01:58:02

Health: -2/220     AC:  3    Str: 16    XL:     21   Next: 54%
Magic:  4/48       EV: 15    Int: 30    God:    Ashenzari [*****.]
Gold:   2082       SH: 15    Dex: 21    Spells: 18/66 levels left

rFire   . . .        v - +8 broad axe of the Fated Restlessness {distort, !waxe, Elem, Bglg} (curse)
rCold   . . .        U - +1 kite shield of Ashenzari's Hedonism {Melee, Dev} (curse)
rNeg    + + .        b - +2 robe {Archmagi}
rPois   .            K - +1 hat of the Mantic Planets {Dex+6, Bglg, Self} (curse)
rElec   .            i - +0 cloak of the Cursed Comet {Fort, Elem} (curse)
rCorr   .            (gloves unavailable)
SInv    +            (boots unavailable)
Will    ++...        B - amulet of Panopticon {Regen+, @e2, Comp, Self} (curse)
Stlth   +++          g - ring of the Unyielding Gaze {rN++ Dex+6, Self, Cun} (curse)
HPRegen 2.16/turn    C - +6 ring of intelligence
MPRegen 0.31/turn

%: clarity, archmagi
@: corroded
A: large, unfitting armour, tough skin 1, claws 1, hooves 1, frail 1,
regeneration 1, weak 1
}: 2/15 runes: serpentine, barnacled
a: Renounce Religion, Curse Item, Shatter the Chains


You were on level 3 of the Vaults.
You worshipped Ashenzari.
Ashenzari was extremely pleased with you.
You visited 6 branches of the dungeon, and saw 33 of its levels.
You visited the Abyss 1 time.
You also visited: Sewer, Gauntlet and Wizlab.

You collected 3982 gold pieces.
You spent 1900 gold pieces at shops.


Innate Abilities, Weirdness & Mutations

You are too large for most types of armour.
You have tough skin. (AC +1)
You have sharp fingernails.
You have large cloven feet.
You are frail. (-10% HP)
Your natural rate of healing is unusually fast.
You are weak. (Str -2)


   Skills:
 - Level 18.3(22.2) Fighting
 - Level 13.9(16.0) Axes
 - Level 3.2(5.1) Armour
 + Level 7.6(9.8) Dodging
 - Level 1.4(2.8) Stealth
 + Level 11.1(13.2) Shields
 - Level 19.3(23.1) Spellcasting
 - Level 15.0(18.1) Conjurations
 - Level 10.4(12.5) Summonings
 - Level 2.5(4.3) Necromancy
 - Level 5.0 Transmutations
 - Level 14.1(17.2) Fire Magic
 - Level 6.4(9.6) Air Magic
 - Level 2.5(5.0) Earth Magic
 - Level 2.6(4.4) Evocations


You had 18 spell levels left.
You knew the following spells:

 Your Spells              Type           Power      Damage    Failure   Level
c - Spellforged Servitor  Conj/Summ      56%        N/A       2%          7
d - Irradiate             Conj/Tmut      51%        3d28      1%          5
e - Plasma Beam           Fire/Air       53%        2x1d68    1%          6
f - Orb of Destruction    Conj           60%        9d15      1%          7
g - Swiftness             Air            95%        N/A       1%          3
h - Ignition              Fire           59%        3d16      10%         8
i - Borgnjor's Vile Clut  Necr/Erth      38%        N/A       7%          5
j - Freezing Cloud        Conj/Ice/Air   47%        6-21      1%          5
A - Sublimation of Blood  Necr           74%        N/A       1%          2

Your spell library contained the following spells:

 Spells                   Type           Power      Damage    Failure   Level
 Foxfire                  Conj/Fire      100%       2x1d9     0%          1
 Kiss of Death            Conj/Necr      100%       2d13      0%          1
 Magic Dart               Conj           100%       1d8       0%          1
 Summon Small Mammal      Summ           100%       N/A       0%          1
 Call Imp                 Summ           100%       N/A       0%          2
 Scorch                   Fire           100%       2d9       0%          2
 Flame Wave               Conj/Fire      100%       2d21      0%          4
 Sticky Flame             Conj/Fire      100%       2d11      0%          4
 Apportation              Tloc           100%       N/A       1%          1
 Cigotuvi's Dreadful Rot  Necr/Pois/Air  100%       N/A       1%          2
 Passwall                 Tmut/Erth      64%        N/A       1%          2
 Wereblood                Tmut           77%        N/A       1%          2
 Call Canine Familiar     Summ           100%       N/A       1%          3
 Hailstorm                Conj/Ice       94%        3d19      1%          3
 Inner Flame              Hex/Fire       93%        N/A       1%          3
 Mephitic Cloud           Conj/Pois/Air  94%        N/A       1%          3
 Summon Guardian Golem    Hex/Summ       84%        N/A       1%          3
 Volatile Blastmotes      Fire/Tloc      100%       2d18      1%          3
 Fulminant Prism          Conj/Hex       47%        3d20      1%          4
 Iskenderun's Mystic Bla  Conj/Tloc      94%        2d18      1%          4
 Summon Ice Beast         Ice/Summ       84%        N/A       1%          4
 Arcjolt                  Conj/Air       54%        1d64      1%          5
 Fireball                 Conj/Fire      59%        3d23      1%          5
 Iskenderun's Battlesphe  Conj           100%       2d15      1%          5
 Conjure Ball Lightning   Conj/Air       54%        3x3d20    1%          6
 Starburst                Conj/Fire      59%        6d16      1%          6
 Ensorcelled Hibernation  Hex/Ice        100%       N/A       2%          2
 Animate Dead             Necr           74%        N/A       2%          4
 Dispel Undead            Necr           74%        3d25      2%          4
 Petrify                  Tmut/Erth      77%        N/A       2%          4
 Vhi's Electric Charge    Tloc/Air       100%       N/A       2%          4
 Leda's Unmaking          Conj/Erth      51%        9d9       2%          6
 Summon Mana Viper        Hex/Summ       84%        N/A       3%          5
 Confusing Touch          Hex            54%        N/A       4%          3
 Gell's Gravitas          Tloc           54%        N/A       4%          3
 Ozocubu's Armour         Ice            54%        N/A       4%          3
 Portal Projectile        Hex/Tloc       100%       N/A       4%          3
 Teleport Other           Tloc           54%        N/A       4%          3
 Tukima's Dance           Hex            54%        N/A       4%          3
 Leda's Liquefaction      Hex/Erth       33%        N/A       5%          4
 Anguish                  Hex/Necr       32%        N/A       6%          4
 Monstrous Menagerie      Summ           52%        N/A       9%          7
 Passage of Golubria      Tloc           54%        N/A       14%         4
 Yara's Violent Unravell  Hex/Tmut       33%        3d14      16%         5
 Olgreb's Toxic Radiance  Pois           51%        N/A       17%         4
 Alistair's Intoxication  Tmut/Pois      43%        N/A       17%         5
 Metabolic Englaciation   Hex/Ice        27%        N/A       36%         5
 Death Channel            Necr           37%        N/A       41%         6
 Haunt                    Necr/Summ      45%        N/A       41%         7
 Eringya's Noxious Bog    Tmut/Pois      32%        4d6       67%         6
 Simulacrum               Ice/Necr       32%        N/A       69%         6
 Dispersal                Tloc           27%        N/A       91%         6
 Maxwell's Capacitive Co  Air            47%        ∞         91%         8
 Chain Lightning          Conj/Air       54%        3d72      99%         9
 Discord                  Hex            27%        N/A       100%        8
 Disjunction              Tloc           27%        N/A       100%        8
 Infestation              Necr           37%        N/A       100%        8

Inventory:

Hand Weapons
 v - the cursed +8 broad axe of the Fated Restlessness (weapon) {distort, !waxe, Elem, Bglg}
   (You found it on level 10 of the Dungeon)

   It has a curse which improves the following skills: Elements: Fire Magic, Ice
   Magic, Air Magic and Earth Magic.
   Beguiling: Conjurations, Hexes and Translocations.
Armour
 b - a +2 robe of the Archmagi (worn)
   (You found it in a wizard's laboratory)
 i - the cursed +0 cloak of the Cursed Comet (worn) {Fort, Elem}
   (You found it on level 1 of the Dungeon)

   It has a curse which improves the following skills: Fortitude: Armour and
   Shields.
   Elements:  Fire Magic, Ice Magic, Air Magic and Earth Magic.
 K - the cursed +1 hat of the Mantic Planets (worn) {Dex+6, Bglg, Self}
   (You acquired it on level 3 of the Shoals)

   Dex+6:     It affects your dexterity (+6).
   It has a curse which improves the following skills: Beguiling: Conjurations,
   Hexes and Translocations.
   Introspection: Fighting and Spellcasting.
 U - the cursed +1 kite shield of Ashenzari's Hedonism (worn) {Melee, Dev}
   (You took it off a vault guard on level 14 of the Dungeon)

   It has a curse which improves the following skills: Melee Combat: Short
   Blades, Long Blades, Axes, Maces & Flails, Polearms, Staves and Unarmed
   Combat.
   Devices:   Evocations and Shapeshifting.
Jewellery
 g - the cursed ring of the Unyielding Gaze (left claw) {rN++ Dex+6, Self, Cun}
   (You found it on level 2 of the Dungeon)

   [ring of dexterity]

   Dex+6:     It affects your dexterity (+6).
   rN++:      It greatly protects you from negative energy.
   It has a curse which improves the following skills: Introspection: Fighting
   and Spellcasting.
   Cunning:   Dodging and Stealth.
 B - the cursed amulet of Panopticon (around neck) {Regen+, @e2, Comp, Self}
   (You took it off an orc warrior on level 7 of the Dungeon)

   [amulet of regeneration]

   Regen+:    It increases your rate of health regeneration.
   It has a curse which improves the following skills: Companions: Summonings
   and Necromancy.
   Introspection: Fighting and Spellcasting.
 C - a +6 ring of intelligence (right claw)
   (You found it on level 4 of the Lair of Beasts)
Wands
 a - a wand of charming (15)
   (You found it on level 1 of the Snake Pit)
 A - a wand of flame (42)
   (You found it on level 7 of the Dungeon)
 I - a wand of quicksilver (6)
   (You found it on level 2 of the Shoals)
 L - a wand of iceblast (21)
   (You found it on level 10 of the Dungeon)
 Q - a wand of mindburst (3)
   (You found it in a Gauntlet)
 R - a wand of polymorph (18)
   (You found it in a Gauntlet)
Scrolls
 j - 9 scrolls of teleportation {@r4}
 n - 3 scrolls of revelation
 o - 3 scrolls of vulnerability {!r!r}
 p - 4 scrolls of fear
 q - 3 scrolls of torment {!r}
 r - 2 scrolls of fog
 w - 7 scrolls of poison {!r}
 y - 3 scrolls of enchant armour
 z - 2 scrolls of summoning
 D - 7 scrolls of blinking {!r}
 F - a scroll of amnesia
 H - 3 scrolls of immolation {!r!r}
Potions
 c - 5 potions of heal wounds {@q2}
 d - 19 potions of curing {@q1}
 e - 5 potions of attraction {!q}
 f - 9 potions of lignification {!q}
 h - 4 potions of resistance
 k - 2 potions of might
 l - 9 potions of brilliance
 s - 2 potions of cancellation
 t - 5 potions of invisibility
 E - 2 potions of enlightenment
 M - 2 potions of haste {@q3}
 V - a potion of mutation {!q}
Miscellaneous
 m - a lightning rod (4/4)
   (You found it on level 2 of the Snake Pit)
 J - a phial of floods
   (You found it on level 10 of the Dungeon)
 O - a phantom mirror
   (You bought it in a shop on level 2 of the Orcish Mines)
 S - a sack of spiders (inert)
   (You found it in a Gauntlet)

Dungeon Overview and Level Annotations

Branches:
Dungeon (15/15) Zot: 24772  Temple (0/1) D:6            Lair (5/5) D:8 Zot: 22138
 Shoals (4/4) Lair:2 Zot: 16592   Snake (4/4) Lair:2 Zot: 14057   Slime (0/5) Lair:4
    Orc (2/2) D:9 Zot: 9612     Elf (0/3) Orc:2        Vaults (3/5) D:14 Zot: 11520
  Crypt (0/3) Vaults:3     Depths (0/4) D:15          Sewer (visited)
 WizLab (visited)         Gauntlet (visited)

Altars:
Ashenzari
Cheibriados
Dithmenos
Elyvilon
Fedhas
Gozag
Kikubaaqudgha
Okawaru
Qazlal
Ru
Sif Muna
Vehumet
Xom
Yredelemnul
Zin

Shops:
D:7 *   D:11 (   Orc:2 **(?   Vaults:3 *

Annotations:
D:3 1 runed translucent door, Crazy Yiuf
Lair:2 1 exclusion
Lair:4 2 runed translucent doors, exclusions: hydra and 2 oklob plants, Rupert
Shoals:2 Ilsuiw
Orc:1 exclusion: downstairs

..∆# **#.)#..{.{.#.#....)....
..T#########.)#......#.#########.
○.W(9o........#......#...........
.....p........#{.{{..############
.....p.......T########...........
..............s..................
...............).................
..............Q..................
..##############@.s..............
..#..###..###..#.................
..#............#........)........
..##...####...##....).#########[#
..##(.........##......#..........
..##.#.≈≈≈≈.#.##......#..........
..'..#.≈≈≈≈.#..#......#...)......
..#..#.≈≈≈≈.#..#......#..........
..##.#.≈≈≈≈.#.##......#..........


You could see a tengu reaver (ally target), a deep troll (webbed, ally target),
a friendly redback (summoned) and a friendly scorpion (summoned).


Message History

The bolt of fire hits you!!!
The ironbound preserver hits you with a +0 flail!
The orc knight hits your spellforged servitor with a +1 long sword!! 😮 HP[-67] MP[+1]
You take 67 damage, and now have 146/220 hp.
MASSIVE DAMAGE!! (PAUSE)
The ironbound preserver hits you with a +0 flail!
The orc knight hits your spellforged servitor but does no damage. 😮 HP[-14]
You take 14 damage, and now have 132/220 hp.
Unknown command.
Casting: Plasma Beam (mildly dangerous; 1% risk of failure)
Confirm with . or Enter, or press ? or * to list all spells.
Casting: Ignition (dangerous; 10% risk of failure)
Press: ? - help, Dir - look around, f - activate You feel a surge of power!
The air bursts into flame!
The fireball engulfs the tengu reaver!!
The fireball engulfs the ironbound preserver!!
The fireball engulfs the freezing wraith!!
The freezing wraith is burned terribly!
The fireball engulfs the orc knight!!
You hear a shout! x4
The ironbound preserver hits you with a +0 flail!
The orc knight closely misses your spellforged servitor.
Your spellforged servitor conjures an orb of pure magic.
Your orb of destruction hits a metal wall. 😮 HP[-7] MP[-8]
You take 7 damage, and now have 125/220 hp.
You lost 8 mp, and now have 13/48 mp.
You hit the ironbound preserver.
Space warps around the ironbound preserver.
You kick the ironbound preserver, but do no damage.
The ironbound preserver casts a spell.
The ironbound preserver is healed somewhat.
The orc knight hits your spellforged servitor with a +1 long sword!
Your spellforged servitor is destroyed!
Your spellforged servitor disappears in a puff of smoke! 😮 HP[+2] MP[+1]
You regained 2 hp, and now have 127/220 hp.
Casting: Ignition (dangerous; 10% risk of failure)
Confirm with . or Enter, or press ? or * to list all spells.
Okay, then.
You hit the ironbound preserver but do no damage.
Space warps around the ironbound preserver.
You kick the ironbound preserver. You hit the freezing wraith.
Space warps horribly around the freezing wraith!
You destroy the freezing wraith!
You block the ironbound preserver's attack. 😮 HP[+2]
You regained 2 hp, and now have 129/220 hp.
You slice the ironbound preserver!! You kick the ironbound preserver.
The ironbound preserver blinks!
The tengu reaver points at you and mumbles some strange words.
The bolt of acid hits you!!!
* * * LOW HITPOINT WARNING * * *
The ironbound preserver mumbles some strange words.
The ironbound preserver is healed somewhat. 😨 HP[-45]
You take 45 damage, and now have 84/220 hp.
MASSIVE DAMAGE!! (PAUSE)
Casting: Ignition (dangerous; 10% risk of failure)
Confirm with . or Enter, or press ? or * to list all spells.
Casting: Ignition (dangerous; 10% risk of failure)
Press: ? - help, Dir - look around, f - activate You feel a surge of power!
The air bursts into flame!
The fireball engulfs the tengu reaver!!
The fireball engulfs the ironbound preserver!!
You kill the ironbound preserver!
The fireball engulfs the orc knight!
You kill the orc knight!
The fireball engulfs the deep troll!!
The fireball engulfs the tengu reaver!
The tengu reaver hits you from afar with a +3 antimagic halberd!
* * * LOW HITPOINT WARNING * * *
You feel your power leaking away. 😨 HP[-5] MP[-11]
You take 5 damage, and now have 79/220 hp.
You lost 11 mp, and now have 3/48 mp.
Unknown command.
Unknown command.
Unknown command.
Casting: Ignition (dangerous; 10% risk of failure)
Confirm with . or Enter, or press ? or * to list all spells.
Okay, then.
Unknown command.
You reach into the sack... ...and things crawl out!
The deep troll is caught in a web!
The sack is emptied!
The tengu reaver gestures at you while chanting.
The bolt of acid hits you!!!
* * * LOW HITPOINT WARNING * * *
The acid corrodes you!
The bolt of acid hits your culicivora!!!
The acid corrodes your culicivora!
Your culicivora dies!
Your culicivora's corpse disappears in a puff of smoke! 😱 HP[-41] MP[+1]
You take 41 damage, and now have 38/220 hp.
Unknown command.
Unknown command.
The tengu reaver points at you and mumbles some strange words.
The bolt of lightning hits you!!!
You die...

Skill      XL: |  1  2  3  4  5  6  7  8  9 10 11 12 13 14 15 16 17 18 19 20 21 |
---------------+----------------------------------------------------------------+-----
Conjurations   | 1 4 6 7 10 14 15 | 15.0
Fire Magic     | 3 4 7 8 10 11 14 | 14.1
Spellcasting   | 3 4 5 7 10 12 17 19 | 19.3
Fighting       | 2 3 4 5 7 8 12 13 14 18 | 18.3
Transmutations | 5 |  5.0
Dodging        | 6 7 |  7.6
Shields        | 6 10 11 | 11.1
Necromancy     | 2 |  2.5
Earth Magic    | 2 |  2.5
Axes           | 8 13 | 13.9
Air Magic      | 5 6 |  6.4
Armour         | 3 |  3.2
Evocations     | 2 |  2.6
Summonings     | 3 10 | 10.4
Stealth        | |  1.4

Action                     |  1- 3 |  4- 6 |  7- 9 | 10-12 | 13-15 | 16-18 | 19-21 || total
---------------------------+-------+-------+-------+-------+-------+-------+-------++-------
  Melee: Unarmed           |     1 |       |       |       |       |       |       ||     1
         Broad axe         |       |       |       |       |       |   313 |   205 ||   518
         Kick              |       |       |       |       |       |   129 |   113 ||   242
   Fire: Sling             |       |    98 |   199 |   472 |   693 |   180 |       ||  1642
   Cast: Foxfire           |    42 |    14 |    26 |    14 |     2 |       |       ||    98
         Scorch            |     1 |       |    15 |    18 |    11 |     2 |       ||    47
         Fireball          |       |       |     5 |    70 |    93 |    13 |       ||   181
         Irradiate         |       |       |       |    29 |    58 |    40 |     3 ||   130
         Inner Flame       |       |       |       |     1 |       |       |       ||     1
         Orb of Destructio |       |       |       |       |   100 |   139 |    52 ||   291
         Swiftness         |       |       |       |       |     1 |     1 |       ||     2
         Ignition          |       |       |       |       |    20 |    80 |    32 ||   132
         Borgnjor's Vile C |       |       |       |       |       |    16 |    18 ||    34
         Plasma Beam       |       |       |       |       |       |    78 |   207 ||   285
         Spellforged Servi |       |       |       |       |       |       |    55 ||    55
         Freezing Cloud    |       |       |       |       |       |       |     7 ||     7
         Animate Dead      |       |       |       |       |       |       |     2 ||     2
 Invoke: Curse Item        |     1 |     1 |     2 |     2 |     2 |     2 |     1 ||    11
         Shatter the Chain |       |       |       |     1 |     1 |     1 |     2 ||     5
  Evoke: Wand              |       |       |       |     2 |    17 |    17 |     7 ||    43
         Phial of floods   |       |       |       |       |     2 |     2 |     1 ||     5
         Phantom mirror    |       |       |       |       |     1 |     3 |     1 ||     5
         Sack of spiders   |       |       |       |       |     1 |     2 |     3 ||     6
    Use: Scroll            |       |       |       |     3 |     8 |    15 |     7 ||    33
         Potion            |       |       |       |     1 |     3 |     2 |     2 ||     8
   Stab: Distracted        |       |       |       |       |       |     1 |     6 ||     7
         Sleeping          |       |       |       |       |       |     1 |     1 ||     2
         Petrifying        |       |       |       |       |       |     2 |       ||     2
         Petrified         |       |       |       |       |       |     1 |       ||     1
 Armour: Robe              |     9 |    23 |    96 |    48 |       |       |    80 ||   256
         Steam dragon scal |       |       |       |   164 |   475 |   467 |   120 ||  1226
  Dodge: Dodged            |     7 |    14 |    63 |   206 |   440 |   225 |   109 ||  1064
  Block: Kite shield       |       |       |       |       |    40 |   358 |   176 ||   574

Levels and vault maps discovered:
D:1:      dpeg_arrival_circle_labyrinth_c, layout_basic,
          shapermc_ecumenical_altar_mp_highgroup, grunt_decor_cap,
          chequers_serial_rivers_small_b, chequers_serial_rivers_micro_d,
          minmay_misc_feat_cross, minmay_misc_feat_alley
D:2:      layout_basic, uniq_natasha, uniq_jessica
D:3:      layout_loops_ring, mainiacjoe_overflow_alcove_1, zin_treasury,
          nicolae_overflow_hidden_temple, uniq_crazy_yiuf_cottage
D:4:      layout_loops_ring, lemuel_mausoleum_altar_yredelemnul,
          lemuel_tele_altar, gup_sewer_entry_glass
D:5:      dreamdust_elfheim, layout_gridville, doesnt_xom_only_xom,
          nicolae_dithmenos_through_a_glass_darkly, uniq_grinder, uniq_ijyb,
          uniq_edmund
D:6:      layout_cave_pods, minmay_temple_entry_proselytizer, st_stairs_10,
          minmay_misc_feat_x, uniq_pikel
D:7:      layout_loops_ring, nicolae_gozag_zags_fifth_avenue,
          nrook_pool_corridor, nicolae_the_louvre
D:8:      layout_loops_corners, minmay_lair_entry_grove,
          minmay_manual_macuahuitl
D:9:      layout_basic, mainiacjoe_overflow_six_doors_small,
          nicolae_ru_sacrificial_ziggurat, vehumet_altar_wand_db,
          minmay_orc_entry_temple_small, kennysheep_generic_room_12
D:10:     layout_cave_pools, mainiacjoe_overflow_surrounded_room,
          nicolae_overflow_crystal_walls, gammafunk_ghost_hydra_chop,
          minmay_guarded_unrand_variability
D:11:     layout_gridville, serial_shops, shop, uniq_snorg
D:12:     layout_roguey [special_room_orc], gauntlet_entry_generic
D:13:     layout_grid_maze, serial_demonic, serial_demonic_b, serial_demonic_g,
          serial_demonic_d, serial_demonic_b, dreamdust_deal_with_the_devil,
          amcnicky_mini_pool_small, onia_ninara_dug_in_and_dangerous
D:14:     layout_gridville, grunt_vaults_entry_tiered,
          hangedman_decor_cross_pass
D:15:     hellmonk_depths_entry_around_the_bend, layout_long_grid
Lair:1:   layout_misc_corridors, grunt_megastairs_1
Lair:2:   layout_roguey, minmay_shoals_entry_beasts,
          guppyfry_snake_entry_garden, minivault_24, hibernation_bobbens,
          grunt_megastairs_3
Lair:3:   dragon1_lemuel, layout_gridlike, small_statue_intersection,
          fungi_pond_lemuel, small_statue_intersection, grunt_megastairs_5
Lair:4:   layout_regular_city, minmay_slime_entry_oklob_enclosed,
          ebering_ghost_disaster_area, st_stairs_8, minmay_hedge_maze,
          uniq_rupert
Lair:5:   minmay_lair_end_enchanted_forest, layout_misc_corridors,
          serial_bayou_shore_a
Shoals:1: cheibrodos_shoals_oceanic_diplomacy, layout_shoals
Shoals:2: layout_shoals, uniq_aizul, uniq_ilsuiw, uniq_polyphemus, uniq_louise
Shoals:3: nicolae_shoals_offshore_bank_account, layout_shoals,
          nicolae_shoals_shepherds, uniq_donald, uniq_mlioglotl
Shoals:4: shoals_end_hellmonk_lost_city, uniq_nikola
Snake:1:  layout_onion, uniq_frances
Snake:2:  hangedman_cross_veins, layout_grid_shapes
Snake:3:  layout_grid_maze, nicolae_snake_gridmaze_waves
Snake:4:  grunt_snake_rune_pools, layout_cave_town,
          nicolae_snake_herptile_family_reunion
Orc:1:    layout_caves
Orc:2:    st_orc_elflike, layout_caves, uniq_urug, uniq_erolcha
Vaults:1: vaults_room_fancy_cross, dpeg_vaults_monster_box, v_misc_8,
          ontoclasm_vaults_loading_screen, vaults_room_fours,
          ontoclasm_vaults_hangar, nicolae_vaults_house_1,
          nicolae_vaults_circle_grid_b, nicolae_vaults_variable_pillar_hall,
          nicolae_vaults_trapezoid_1, nicolae_vaults_prndl, v_misc_23,
          layout_vaults_omnibox
Vaults:2: lightli_enter_wizlab_magi_temple, nicolae_vaults_shrinking_rooms_2,
          nicolae_vaults_trapezoid_2, vaults_dpeg_emergency_exit,
          nicolae_vaults_tetromino_Z_1, nicolae_vaults_sealed_display,
          nicolae_vaults_what_the_h, layout_vaults_omnigrid
Vaults:3: minmay_crypt_entry_skeletal_spiral, vaults_dpeg_encased_lava,
          nicolae_vaults_ninety_degrees, vaults_dpeg_diagonal,
          vaults_room_ringed_pool, dpeg_vaults_waves,
          nicolae_vaults_mini_display_case, nicolae_vaults_diamond_2,
          nicolae_vaults_frosty_reception, nicolae_vaults_tetromino_L_1,
          layout_vaults_chaotic_city, serial_shops, shop

Notes
Turn   | Place    | Note
-------+----------+-------------------------------------------
     0 | D:1      | MackTheKnife the Ogre Fire Elementalist began the quest for
                  | the Orb.
     0 | D:1      | Reached XP level 1. HP: 16/16 MP: 3/3
     0 | D:1      | magus.rc [v1.9.6]
     7 | D:1      | You pick up a book of Changes and begin reading...
     7 | D:1      | You add the spells Wereblood and Irradiate to your library.
   208 | D:1      | Reached skill level 1 in Conjurations
   359 | D:1      | Found a faded altar of an unknown god.
   441 | D:1      | Reached XP level 2. HP: 22/24 MP: 1/5
   450 | D:1      | Prayed at the altar of an unknown god.
   450 | D:1      | Became a worshipper of Ashenzari the Shackled
   533 | D:1      | Learned a level 2 spell: Scorch
   804 | D:1      | Reached skill level 3 in Fire Magic
   879 | D:1      | You pick up a book of Winter and begin reading...
   879 | D:1      | You add the spells Ozocubu's Armour, Metabolic Englaciation
                  | and Simulacrum to your library.
   955 | D:1      | Reached skill level 3 in Spellcasting
  1024 | D:1      | Reached XP level 3. HP: 31/31 MP: 5/7
  1350 | D:2      | Noticed Jessica
  1356 | D:2      | Killed Jessica
  1357 | D:2      | Reached skill level 1 in Fighting
  1491 | D:2      | Reached skill level 2 in Fighting
  1491 | D:2      | Reached XP level 4. HP: 44/44 MP: 5/10
  1766 | D:2      | Identified the +9 sling of the Several Demons {drain,
                  | Int+2}
  1935 | D:2      | You pick up a book of the Spheres and begin reading...
  1935 | D:2      | You add the spells Iskenderun's Battlesphere, Fireball,
                  | Conjure Ball Lightning and Orb of Destruction to your
                  | library.
  1963 | D:2      | Identified the ring "Samih" {rN++ Dex+6}
  2000 | D:2      | Noticed Natasha
  2005 | D:2      | Killed Natasha
  2109 | D:3      | Reached skill level 4 in Spellcasting
  2201 | D:3      | Found a snail-covered altar of Cheibriados.
  2271 | D:3      | Found a broken altar of Ashenzari.
  2272 | D:3      | Found an ancient bone altar of Kikubaaqudgha.
  2351 | D:3      | Reached skill level 3 in Fighting
  2466 | D:3      | Reached XP level 5. HP: 53/53 MP: 11/11
  2468 | D:3      | Reached * piety under Ashenzari
  2691 | D:3      | Reached skill level 4 in Fighting
  2761 | D:3      | Found a glowing silver altar of Zin.
  2802 | D:3      | Found a runed translucent door.
  2803 | D:3      | Noticed Crazy Yiuf
  2980 | D:4      | Found a glowing drain.
  2987 | D:4      | Reached skill level 5 in Spellcasting
  2987 | D:4      | Reached XP level 6. HP: 66/66 MP: 12/14
  3023 | Sewer    | Entered a sewer
  3143 | Sewer    | Reached skill level 5 in Fighting
  3166 | Sewer    | Found a viscous altar of Jiyva.
  3279 | D:4      | Reached XP level 7. HP: 76/76 MP: 16/16
  3329 | D:4      | Found a white marble altar of Elyvilon.
  3339 | D:4      | Reached ** piety under Ashenzari
  3419 | D:4      | Reached skill level 6 in Fighting
  3419 | D:4      | Reached skill level 6 in Spellcasting
  3442 | D:4      | Found a basalt altar of Yredelemnul.
  3666 | D:4      | Reached skill level 7 in Fighting
  3748 | D:4      | Reached skill level 7 in Spellcasting
  3787 | D:4      | Reached XP level 8. HP: 68/92 MP: 17/20
  4365 | D:5      | Entered Level 5 of the Dungeon
  4391 | D:5      | Reached *** piety under Ashenzari
  4395 | D:5      | Reached skill level 8 in Fighting
  4483 | D:5      | Learned a level 5 spell: Fireball
  4569 | D:5      | Found a shadowy altar of Dithmenos.
  4638 | D:5      | Found a stormy altar of Qazlal.
  4641 | D:5      | Reached skill level 2 in Conjurations
  4647 | D:5      | Found a shadowy altar of Dithmenos.
  4647 | D:5      | Found a shimmering altar of Xom.
  4649 | D:5      | Found a blossoming altar of Fedhas.
  4649 | D:5      | Found a hide-covered altar of Uskayaw.
  4649 | D:5      | Found a stormy altar of Qazlal.
  4918 | D:5      | Noticed Edmund
  4930 | D:5      | Killed Edmund
  4931 | D:5      | Reached skill level 3 in Conjurations
  4931 | D:5      | Reached skill level 4 in Fire Magic
  5004 | D:5      | Noticed Grinder
  5008 | D:5      | Paralysed by Grinder for 3 turns
  5012 | D:5      | Killed Grinder
  5233 | D:5      | Noticed Duvessa
  5233 | D:5      | Noticed Dowan
  5239 | D:5      | Killed Duvessa
  5240 | D:5      | Reached skill level 4 in Conjurations
  5240 | D:5      | Reached XP level 9. HP: 104/105 MP: 3/23
  5241 | D:5      | Killed Dowan
  5242 | D:5      | Reached skill level 5 in Fire Magic
  5446 | D:5      | Noticed Ijyb
  5451 | D:5      | Killed Ijyb
  5771 | D:6      | Noticed Pikel
  5780 | D:6      | Killed Pikel
  5781 | D:6      | Reached skill level 5 in Conjurations
  5781 | D:6      | Reached skill level 6 in Fire Magic
  5965 | D:6      | Identified the +8 quarterstaff of Upruxtusch {elec, rElec
                  | rN+ Dex+3}
  6039 | D:6      | Found a staircase to the Ecumenical Temple.
  6071 | D:6      | Reached skill level 6 in Conjurations
  6076 | D:6      | Reached skill level 7 in Fire Magic
  6082 | D:6      | Reached XP level 10. HP: 113/113 MP: 15/24
  6210 | D:6      | Learned a level 5 spell: Irradiate
  6308 | D:6      | Reached skill level 1 in Transmutations
  6713 | D:7      | Reached skill level 2 in Transmutations
  7004 | D:7      | Reached skill level 3 in Transmutations
  7066 | D:7      | Reached skill level 4 in Transmutations
  7247 | D:7      | Found an opulent altar of Gozag.
  7255 | D:7      | Found Gozag's Platinum Reserve.
  7586 | D:8      | Noticed a two-headed ogre
  7589 | D:8      | Killed a two-headed ogre
  7590 | D:8      | Reached skill level 5 in Transmutations
  7590 | D:8      | Reached skill level 3 in Dodging
  7726 | D:8      | Reached skill level 4 in Dodging
  8077 | D:8      | Identified the +2 short sword "Hiargh" {venom, rElec}
  8264 | D:8      | Reached skill level 5 in Dodging
  8380 | D:8      | Reached skill level 6 in Dodging
  8392 | D:8      | Reached XP level 11. HP: 49/117 MP: 6/24
  8394 | D:8      | HP: 28/117 [yak (5)]
  8651 | D:8      | Reached skill level 7 in Dodging
  8657 | D:8      | Found a staircase to the Lair.
  8789 | D:8      | Reached skill level 9 in Fighting
  9722 | D:9      | Found a blossoming altar of Fedhas.
  9796 | D:9      | Reached skill level 10 in Fighting
  9927 | D:9      | Found a staircase to the Orcish Mines.
 10170 | D:9      | Noticed a white ugly thing
 10179 | D:9      | HP: 28/124 [white ugly thing (21)]
 10183 | D:9      | Killed a white ugly thing
 10184 | D:9      | Reached skill level 11 in Fighting
 10325 | D:9      | Identified a scroll of acquirement
 10367 | D:9      | Found a radiant altar of Vehumet.
 10614 | D:9      | Found a sacrificial altar of Ru.
 10801 | D:9      | Noticed a two-headed ogre
 10806 | D:9      | Killed a two-headed ogre
 11124 | D:10     | Entered Level 10 of the Dungeon
 11150 | D:10     | Found an iron altar of Okawaru.
 11196 | D:10     | Reached skill level 12 in Fighting
 11213 | D:10     | Learned a level 3 spell: Inner Flame
 11441 | D:10     | Found the +7 mace of Variability {chaos, chaos arc}
 11449 | D:10     | Found a shimmering altar of Xom.
 11485 | D:10     | You add the spells Vhi's Electric Charge, Arcjolt and
                  | Maxwell's Capacitive Coupling to your library.
 11536 | D:10     | Found a runed translucent gate.
 11536 | D:10     | Found a runed translucent gate.
 11536 | D:10     | Found a runed translucent gate.
 11537 | D:10     | Noticed a ten-headed hydra
 11539 | D:10     | Noticed starts1789's ghost (novice OpSh)
 11698 | D:10     | Found a shimmering blue altar of Sif Muna.
 11896 | Lair:1   | Entered Level 1 of the Lair of Beasts
 11897 | Lair:1   | Acquired the ring "Xunacrul" {Dex+6 Stlth+}
 11916 | Lair:1   | Reached skill level 7 in Conjurations
 12173 | Lair:1   | Reached skill level 8 in Fire Magic
 12636 | Lair:2   | Found a staircase to the Snake Pit.
 12677 | Lair:2   | Reached XP level 12. HP: 136/143 MP: 15/26
 12752 | Lair:2   | You pick up a book of Winter and begin reading...
 12814 | Lair:2   | Reached skill level 8 in Conjurations
 13167 | Lair:2   | Found a staircase to the Shoals.
 13313 | Lair:2   | You pick up a book of Burglary and begin reading...
 13313 | Lair:2   | You add the spells Passwall, Ensorcelled Hibernation and
                  | Swiftness to your library.
 13342 | Lair:2   | Reached skill level 9 in Fire Magic
 13736 | Lair:2   | Reached **** piety under Ashenzari
 13793 | Lair:2   | Reached skill level 9 in Conjurations
 14122 | Lair:3   | Gained mutation: You are frail. (-10% HP) [mutagenic glow]
 14385 | Lair:3   | Reached skill level 10 in Fire Magic
 14491 | Lair:3   | Identified the +2 helmet "Iwkinegh" {Str+4}
 14665 | Lair:3   | Reached skill level 10 in Conjurations
 14809 | Lair:3   | Reached XP level 13. HP: 122/138 MP: 11/28
 14930 | Lair:3   | Learned a level 7 spell: Orb of Destruction
 14934 | Lair:3   | Learned a level 3 spell: Swiftness
 15175 | Lair:3   | Noticed a fire dragon
 15184 | Lair:3   | Killed a fire dragon
 15635 | Lair:4   | Reached skill level 11 in Conjurations
 15874 | Lair:4   | Found a large runed translucent door.
 15874 | Lair:4   | Found a large runed translucent door.
 16001 | Lair:4   | Noticed Rupert
 16418 | Lair:4   | Found a staircase to the Slime Pits.
 16558 | Lair:5   | Entered Level 5 of the Lair of Beasts
 16831 | Lair:5   | Reached skill level 12 in Conjurations
 17129 | Lair:5   | Reached ***** piety under Ashenzari
 17134 | Lair:5   | You pick up a book of Decay and begin reading...
 17134 | Lair:5   | You add the spells Cigotuvi's Dreadful Rot, Dispel Undead
                  | and Death Channel to your library.
 17275 | Lair:5   | Reached skill level 13 in Conjurations
 18068 | Lair:5   | Reached skill level 14 in Conjurations
 18070 | Lair:5   | Reached XP level 14. HP: 148/152 MP: 7/31
 18636 | Orc:1    | Entered Level 1 of the Orcish Mines
 18830 | Orc:1    | Noticed an orc warlord
 19219 | D:9      | Killed an orc warlord
 19477 | Orc:1    | Reached skill level 15 in Conjurations
 19863 | Orc:2    | Entered Level 2 of the Orcish Mines
 19863 | Orc:2    | Noticed Erolcha
 19868 | Orc:1    | magus.rc [v1.9.6]
 19895 | Orc:2    | Noticed Urug
 19901 | Orc:2    | Killed Urug
 20252 | Orc:2    | Killed Erolcha
 20271 | Orc:2    | Reached skill level 8 in Spellcasting
 20465 | Orc:2    | Reached skill level 13 in Fighting
 21096 | Orc:2    | Reached skill level 9 in Spellcasting
 21148 | Orc:2    | Found Lofinu's General Store.
 21153 | Orc:2    | Found Tyrad's Magic Scroll Shop.
 21160 | Orc:2    | Bought a scroll of blinking for 120 gold pieces
 21160 | Orc:2    | Bought a scroll of summoning for 152 gold pieces
 21160 | Orc:2    | Found Gupics's Antique Weapon Shop.
 21162 | Orc:2    | Found Muvy's General Store.
 21171 | Orc:2    | Bought the Unrestrained Analects for 598 gold pieces
 21171 | Orc:2    | You add the spells Olgreb's Toxic Radiance, Ignition and
                  | Discord to your library.
 21171 | Orc:2    | Bought a phantom mirror for 520 gold pieces
 21217 | Orc:2    | Found a staircase to the Elven Halls.
 21365 | Orc:2    | magus.rc [v1.9.6]
 21365 | Orc:2    | magus.rc [v1.9.6]
 21408 | Orc:2    | Learned a level 8 spell: Ignition
 21617 | D:11     | Found Yxamesh's Antique Weapon Emporium.
 21627 | D:11     | Bought an encrusted flail for 246 gold pieces
 21627 | D:11     | Identified the +7 flail of Buaf {speed, Str+3} (You bought
                  | it in a shop on level 11 of the Dungeon)
 22118 | D:11     | Noticed Snorg
 22124 | D:11     | Killed Snorg
 22240 | D:11     | Reached skill level 11 in Fire Magic
 22478 | D:11     | Upgraded the game from 0.31-a0-667-g39726597b9 to
                  | 0.31-a0-672-g7da72447bb
 22478 | D:11     | magus.rc [v1.9.6]
 22536 | D:12     | You pick up a book of Flames and begin reading...
 22577 | D:12     | Found a gate leading to a gauntlet.
 22611 | Gauntlet | Entered a Gauntlet
 22611 | Gauntlet | Found a transporter.
 22611 | Gauntlet | Found a transporter.
 22629 | Gauntlet | Found a transporter.
 22635 | Gauntlet | Found a transporter.
 22635 | Gauntlet | Found a transporter.
 22635 | Gauntlet | Found a transporter.
 22654 | Gauntlet | Found a runed translucent door.
 22667 | Gauntlet | Found a transporter.
 22671 | Gauntlet | Found a transporter.
 22675 | Gauntlet | Found a runed translucent door.
 22675 | Gauntlet | Found a runed translucent door.
 22679 | Gauntlet | Found a transporter.
 22694 | Gauntlet | Found a runed translucent door.
 22695 | Gauntlet | Found a transporter.
 22696 | Gauntlet | Found a runed translucent door.
 22717 | Gauntlet | Found a transporter.
 22721 | Gauntlet | Found a transporter.
 22825 | Gauntlet | You pick up a book of Beasts and begin reading...
 22825 | Gauntlet | You add the spells Summon Ice Beast, Summon Mana Viper and
                  | Monstrous Menagerie to your library.
 22911 | Gauntlet | Reached skill level 10 in Spellcasting
 23284 | D:12     | Reached XP level 15. HP: 122/156 MP: 2/33
 23985 | D:13     | Reached skill level 12 in Fire Magic
 24227 | D:13     | Found the +8 demon blade "Leech" {evervamp, Harm Drain rN+}
 24256 | D:13     | Lost mutation: You are frail. (-10% HP) [potion of
                  | mutation]
 24256 | D:13     | Gained mutation: You have hidden genetic defects. [potion
                  | of mutation]
 24257 | D:13     | Lost mutation: You have hidden genetic defects. [potion of
                  | mutation]
 24257 | D:13     | Gained mutation: You have large cloven feet. [potion of
                  | mutation]
 24257 | D:13     | Gained mutation: Your natural rate of healing is unusually
                  | fast. [potion of mutation]
 24257 | D:13     | Gained mutation: You have sharp fingernails. [potion of
                  | mutation]
 25786 | D:14     | Reached skill level 13 in Fire Magic
 25981 | D:14     | You add the spells Alistair's Intoxication, Borgnjor's Vile
                  | Clutch and Eringya's Noxious Bog to your library.
 26278 | D:14     | You are cast into the Abyss!
 26278 | Abyss:2  | Cast into level 2 of the Abyss (a wizard)
 26408 | Abyss:2  | Noticed a hellephant
 26533 | Abyss:2  | Found a corrupted altar of Lugonu.
 26659 | Abyss:2  | Noticed a tentacled starspawn
 26863 | Abyss:2  | Noticed a tentacled starspawn
 26869 | Abyss:2  | HP: 42/176 [chaos spawn (6)]
 26877 | D:14     | You pass through the gate.
 26877 | D:14     | Escaped the Abyss
 27364 | D:14     | Reached skill level 14 in Fire Magic
 27648 | D:14     | Found a gate to the Vaults.
 27696 | D:14     | Reached skill level 1 in Shields
 27794 | D:15     | Entered Level 15 of the Dungeon
 27846 | D:15     | Reached skill level 2 in Shields
 28034 | D:15     | You pick up a book of Death and begin reading...
 28034 | D:15     | You add the spells Animate Dead, Haunt and Infestation to
                  | your library.
 28080 | D:15     | Reached skill level 3 in Shields
 28170 | D:15     | Reached skill level 4 in Shields
 28402 | D:15     | Reached skill level 5 in Shields
 28777 | D:15     | Reached skill level 6 in Shields
 28777 | D:15     | Reached XP level 16. HP: 188/188 MP: 35/35
 28995 | D:15     | Found a staircase to the Depths.
 29130 | D:15     | Reached skill level 7 in Shields
 29406 | D:15     | magus.rc [v1.9.6]
 29588 | Shoals:1 | Entered Level 1 of the Shoals
 29726 | Shoals:1 | Reached skill level 8 in Shields
 29901 | Lair:2   | You pick up a book of Dreams and begin reading...
 29903 | Lair:2   | You pick up a book of Minor Magic and begin reading...
 29903 | Lair:2   | You add the spells Magic Dart, Call Imp and Mephitic Cloud
                  | to your library.
 30196 | Shoals:1 | Reached skill level 9 in Shields
 30224 | Shoals:1 | HP: 47/188 [poisoned by a merfolk]
 30229 | Shoals:1 | HP: 37/188 [poisoned by a merfolk]
 30234 | Shoals:1 | HP: 42/188 [poisoned by a merfolk]
 31063 | Shoals:1 | Reached skill level 10 in Shields
 31106 | Shoals:1 | magus.rc [v1.9.6]
 31688 | Snake:1  | Entered Level 1 of the Snake Pit
 31858 | Snake:1  | Learned a level 5 spell: Borgnjor's Vile Clutch
 31939 | Snake:1  | Reached skill level 1 in Necromancy
 31939 | Snake:1  | Reached skill level 1 in Earth Magic
 31950 | Snake:1  | Noticed Frances
 31953 | Snake:1  | Gained mutation: You are weak. (Str -2) [a neqoxec]
 31967 | Snake:1  | HP: 47/188 [salamander mystic/+0 quarterstaff (4)]
 31990 | Snake:1  | HP: 46/188 [naga sharpshooter/arrow (16)]
 32015 | Snake:1  | Killed Frances
 32029 | Lair:2   | Reached skill level 2 in Necromancy
 32172 | Snake:1  | Reached skill level 2 in Earth Magic
 32539 | D:10     | Killed starts1789's ghost
 32540 | D:10     | Reached skill level 2 in Axes
 32686 | Orc:2    | Bought a scroll of enchant weapon for 120 gold pieces
 32686 | Orc:2    | Bought a scroll of teleportation for 48 gold pieces
 32686 | Orc:2    | Bought a scroll of teleportation for 48 gold pieces
 32686 | Orc:2    | Bought a scroll of teleportation for 48 gold pieces
 32958 | Snake:1  | Reached skill level 3 in Axes
 32973 | Snake:1  | Reached skill level 4 in Axes
 33193 | Snake:1  | Reached skill level 5 in Axes
 33543 | Snake:1  | Reached skill level 6 in Axes
 33762 | Snake:1  | Reached skill level 7 in Axes
 34267 | Snake:1  | Upgraded the game from 0.31-a0-672-g7da72447bb to
                  | 0.31-a0-675-g238779eb0a
 34267 | Snake:1  | magus.rc [v1.9.6]
 34299 | Snake:1  | Reached skill level 8 in Axes
 34412 | Snake:2  | Reached XP level 17. HP: 164/191 MP: 14/35
 34417 | Snake:2  | Reached skill level 9 in Axes
 34637 | Snake:2  | Reached skill level 10 in Axes
 34912 | Snake:2  | Reached skill level 11 in Axes
 34998 | Snake:2  | HP: 37/190 [naga warrior/+0 halberd (21)]
 35003 | Snake:2  | HP: 43/191 [poisoned by a naga warrior (splash of poison)]
 35151 | Snake:2  | Reached skill level 12 in Axes
 35343 | Snake:2  | You add the spells Gell's Gravitas, Teleport Other and
                  | Dispersal to your library.
 35374 | Snake:2  | You pick up a book of Touch and begin reading...
 35374 | Snake:2  | You add the spells Kiss of Death and Confusing Touch to
                  | your library.
 35801 | Snake:2  | Reached skill level 13 in Axes
 36092 | Snake:2  | x - a +0 heavy eveningstar {macerare=g}
 36099 | Snake:2  | You pick up a book of Fire and begin reading...
 36099 | Snake:2  | You add the spells Plasma Beam and Starburst to your
                  | library.
 36144 | Snake:2  | Learned a level 6 spell: Plasma Beam
 36400 | Snake:3  | Reached skill level 1 in Air Magic
 36716 | Snake:3  | Reached skill level 2 in Air Magic
 37060 | Snake:3  | Reached skill level 3 in Air Magic
 37839 | Snake:4  | Entered Level 4 of the Snake Pit
 38023 | Snake:4  | Reached skill level 4 in Air Magic
 38381 | Snake:4  | Reached skill level 14 in Fighting
 38800 | Snake:4  | Reached skill level 5 in Air Magic
 39067 | Snake:4  | Reached XP level 18. HP: 205/205 MP: 2/36
 39234 | Snake:4  | Reached skill level 15 in Fighting
 39234 | Snake:4  | Reached skill level 6 in Air Magic
 39235 | Snake:4  | Gained mutation: You are frail. (-10% HP) [mutagenic glow]
 39619 | Snake:4  | Reached skill level 1 in Armour
 39742 | Snake:4  | You drop a +0 heavy eveningstar {macerare=g}.
 39775 | Snake:4  | x - a +0 heavy eveningstar {macerare=g}
 39792 | Snake:4  | You pick up a book of Power and begin reading...
 39792 | Snake:4  | You add the spells Leda's Unmaking and Spellforged Servitor
                  | to your library.
 40139 | Snake:4  | Reached skill level 2 in Armour
 40635 | Snake:4  | Reached skill level 3 in Armour
 40643 | Snake:4  | Reached skill level 16 in Fighting
 40950 | Snake:4  | Reached skill level 1 in Evocations
 41420 | Snake:4  | Reached skill level 2 in Evocations
 41655 | Snake:4  | Got a serpentine rune of Zot
 42425 | Shoals:2 | Reached skill level 17 in Fighting
 42425 | Shoals:2 | magus.rc [v1.9.6]
 42443 | Shoals:2 | Noticed Aizul
 42443 | Shoals:2 | Noticed Louise
 42481 | Shoals:2 | Noticed Ilsuiw
 42585 | Shoals:2 | Killed Louise
 42629 | Shoals:2 | Noticed Polyphemus
 42640 | Shoals:2 | Killed Polyphemus
 42817 | Shoals:2 | Killed Aizul
 43295 | Shoals:2 | Reached skill level 18 in Fighting
 43862 | Shoals:3 | Noticed Mlioglotl
 43865 | Shoals:2 | magus.rc [v1.9.6]
 43923 | Shoals:3 | Learned a level 7 spell: Spellforged Servitor
 43952 | Shoals:3 | Reached skill level 1 in Summonings
 44091 | Shoals:3 | Noticed Donald
 44098 | Shoals:3 | Killed Donald
 44233 | Shoals:3 | Reached skill level 2 in Summonings
 44498 | Shoals:3 | Reached skill level 3 in Summonings
 44544 | Shoals:3 | Reached XP level 19. HP: 204/204 MP: 4/37
 44851 | Shoals:3 | Reached skill level 4 in Summonings
 45345 | Shoals:3 | Reached skill level 5 in Summonings
 45487 | Shoals:3 | Killed Mlioglotl
 45895 | Shoals:3 | Found a runed translucent door.
 45897 | Shoals:3 | Identified the +1 great sword of Exquisite Death {protect,
                  | rCorr Int+4}
 45901 | Shoals:3 | Reached skill level 6 in Summonings
 45913 | Shoals:3 | Acquired the +1 hat "Pimuyceugh" {Dex+6}
 45920 | Shoals:3 | Reached ****** piety under Ashenzari
 45988 | Shoals:4 | Entered Level 4 of the Shoals
 45993 | Shoals:4 | Reached skill level 7 in Summonings
 46175 | Shoals:4 | You pick up a book of Chaos and begin reading...
 46413 | Shoals:4 | Reached skill level 8 in Summonings
 46648 | Shoals:4 | Learned a level 4 spell: Animate Dead
 46848 | Shoals:4 | Reached skill level 9 in Summonings
 47071 | Shoals:4 | Noticed Nikola
 47099 | Shoals:4 | Killed Nikola
 47294 | Shoals:4 | Reached skill level 10 in Summonings
 47337 | Shoals:4 | Got a barnacled rune of Zot
 47624 | Shoals:4 | Identified Mearur's Omnibus of Assaults
 47624 | Shoals:4 | Found the +10 Black Knight's barding {ponderous, rPois rN+}
 47644 | Shoals:4 | Learned a level 5 spell: Freezing Cloud
 48211 | Vaults:1 | Entered Level 1 of the Vaults
 48288 | D:14     | You drop a +0 heavy eveningstar {macerare=g}.
 48303 | Vaults:1 | Upgraded the game from 0.31-a0-675-g238779eb0a to
                  | 0.31-a0-691-g409c26aa35
 48303 | Vaults:1 | magus.rc [v1.9.6]
 48498 | Vaults:1 | Reached skill level 11 in Spellcasting
 49121 | Vaults:1 | Reached skill level 12 in Spellcasting
 49122 | Vaults:1 | Reached XP level 20. HP: 182/219 MP: 11/41
 49783 | Vaults:1 | Reached skill level 13 in Spellcasting
 50066 | Vaults:1 | Paralysed by a great orb of eyes for 2 turns
 50283 | Vaults:2 | Found a magical portal.
 50306 | WizLab   | Entered Iskenderun's Mystic Tower
 50884 | WizLab   | Reached skill level 14 in Spellcasting
 52314 | WizLab   | Reached skill level 15 in Spellcasting
 52326 | WizLab   | You add the spells Tukima's Dance, Passage of Golubria and
                  | Yara's Violent Unravelling to your library.
 52326 | WizLab   | You pick up a book of Alchemy and begin reading...
 52326 | WizLab   | You add the spells Sublimation of Blood and Petrify to your
                  | library.
 52326 | WizLab   | You pick up a book of Party Tricks and begin reading...
 52330 | WizLab   | Learned a level 2 spell: Sublimation of Blood
 52370 | WizLab   | Identified Iskenderun's Octavo of Assaults
 52370 | WizLab   | Identified Iskenderun's Papyrus of Hurting
 52388 | WizLab   | You add the spells Hailstorm, Iskenderun's Mystic Blast and
                  | Fulminant Prism to your library.
 52388 | WizLab   | You pick up a book of Weapons and begin reading...
 52396 | WizLab   | Identified a +2 robe of the Archmagi
 52666 | Vaults:2 | HP: 27/212 [ironbound frostheart/creeping frost (27)]
 52673 | Vaults:2 | Identified the +7 arbalest of the Big Bang {flame, rPois
                  | rN+++ Int-2 Dex-4}
 52838 | Vaults:2 | Reached skill level 16 in Spellcasting
 54020 | Vaults:2 | You pick up a book of Callings and begin reading...
 54020 | Vaults:2 | You add the spells Summon Small Mammal, Call Canine
                  | Familiar and Summon Guardian Golem to your library.
 54057 | Vaults:2 | You pick up a book of the Hunter and begin reading...
 54340 | Vaults:3 | Reached skill level 17 in Spellcasting
 54661 | Vaults:3 | Reached XP level 21. HP: 220/220 MP: 33/46
 55231 | Vaults:3 | Reached skill level 18 in Spellcasting
 55537 | Vaults:3 | Found a staircase to the Crypt.
 55938 | Vaults:3 | Paralysed by a formless jellyfish for 1 turns
 56178 | Vaults:3 | Found Axtaonao's General Store.
 56195 | Vaults:3 | Reached skill level 19 in Spellcasting
 56786 | Vaults:3 | Reached skill level 11 in Shields
 57015 | Vaults:3 | HP: 38/220 [tengu reaver/bolt of acid (44)]
 57016 | Vaults:3 | Killed from afar by a tengu reaver

Vanquished Creatures
  Nikola (Shoals:4)
  Polyphemus (Shoals:2)
  A sphinx (Vaults:3)
  A kraken (Shoals:3)
  Aizul (Shoals:2)
  Donald (Shoals:3)
  3 nagarajas
  4 vault wardens
  Louise (Shoals:2)
  A formless jellyfish (Vaults:3)
  8 ironbound preservers
  An orc warlord (D:9)
  A draconian annihilator (WizLab)
  2 stone giants (Vaults:3)
  3 ironbound thunderhulks
  3 minotaurs
  5 purple draconians (WizLab)
  4 dire elephants
  A white draconian (Abyss:2)
  Snorg (D:11)
  3 statues (WizLab)
  A crystal guardian (Vaults:2)
  2 merfolk javelineers
  A yaktaur captain (Vaults:1)
  7 merfolk impalers
  A fire dragon (Lair:3)
  11 salamander tyrants
  5 vault guards
  2 peacekeepers
  Erolcha (Orc:2)
  4 hydras
  4 great orbs of eyes
  An alligator (Snake:4)
  2 catoblepae
  5 ironbound frosthearts
  2 merfolk avatars
  12 centaur warriors
  An ogre mage (D:15)
  15 anacondas
  4 merfolk aquamancers
  9 satyrs
  8 boulder beetles
  A death knight (D:15)
  An alligator snapping turtle (Shoals:2)
  2 death scarabs (Gauntlet)
  8 two-headed ogres
  4 death yaks (Shoals:2)
  2 tengu warriors (D:15)
  Urug (Orc:2)
  12 naga sharpshooters
  3 orc high priests (Orc:2)
  A deep troll earth mage (D:15)
  10 naga warriors
  The ghost of starts1789 the Martial Artist, a novice OpSh of Gozag (D:10)
  A sun demon (D:13)
  7 skysharks
  16 shock serpents
  7 salamander mystics
  3 goliath frogs (Snake:4)
  2 sixfirhies
  4 skeletal warriors (Vaults:3)
  13 sea snakes
  28 deep trolls
  2 glowing orange brains (Vaults:2)
  6 ironbound convokers
  8 naga ritualists
  A spectral hydra (Gauntlet)
  A large abomination (Abyss:2)
  2 lindwurms
  7 harpies
  14 mana vipers
  2 oklob plants (Lair:4)
  8 orc knights
  6 wizards
  A tengu skeleton (Vaults:3)
  Pikel (D:6)
  8 orc sorcerers
  16 fauns
  21 salamanders
  8 ugly things
  9 cyclopes
  22 manticores
  8 merfolk sirens
  7 vault sentinels
  13 naga magi
  44 black mambas
  5 elephants (Lair:2)
  A frost giant skeleton (Vaults:3)
  5 guardian serpents (Snake:4)
  A smoke demon (Abyss:2)
  4 water nymphs
  3 orange demons (D:13)
  A gargoyle (D:12)
  A rime drake (Lair:4)
  8 cane toads
  24 yaktaurs
  A kobold demonologist (D:14)
  An ancient zyme (Abyss:2)
  A freezing wraith (Vaults:3)
  An efreet (D:14)
  10 komodo dragons
  16 tengu conjurers
  An elf skeleton (Vaults:3)
  3 meliai
  2 ice devils (D:13)
  8 polar bears
  Grinder (D:5)
  19 blink frogs
  6 hornets (Lair:5)
  12 merfolk
  8 trolls
  23 dream sheep
  3 wind drakes
  A snapping turtle (shapeshifter) (D:14)
  A dream sheep (shapeshifter) (Abyss:2)
  9 snapping turtles
  A spectral dream sheep (Gauntlet)
  24 slime creatures
  3 shadows
  14 spriggans (Lair:5)
  2 ettin skeletons (Vaults:3)
  2 wraiths
  2 ynoxinuls
  5 water elementals
  A vampire (D:9)
  8 wyverns
  17 humans (D:14)
  4 starcursed masses (Abyss:2)
  7 basilisks
  50 yaks
  4 steam dragons
  6 vampire mosquitoes
  8 chaos spawn
  2 neqoxecs (D:13)
  2 acid dragons
  2 wargs
  Edmund (D:5)
  30 nagas
  17 water moccasins
  A floating eye (shapeshifter) (D:14)
  Duvessa (D:5)
  2 glowing shapeshifter skeletons (Vaults:3)
  3 black bears
  7 ogres
  27 orc warriors
  3 boggarts (Lair:5)
  15 wolves (Lair:5)
  A tengu (shapeshifter) (D:13)
  7 centaurs
  2 kobold brigands
  7 bullfrogs
  3 necrophages (D:4)
  4 human skeletons (Vaults:3)
  7 scorpions
  Dowan (D:5)
  14 wights
  6 killer bees (D:10)
  3 howler monkeys
  An electric eel (Lair:5)
  A human zombie (D:4)
  5 jellies
  22 orc priests
  4 hounds
  A gnoll bouda (D:8)
  Ijyb (D:5)
  Jessica (D:2)
  5 iguanas
  A scorpion zombie (D:4)
  Natasha (D:2)
  24 orc wizards
  10 hell rats
  A hound zombie (D:4)
  2 mummies (D:4)
  7 gnolls
  10 adders
  A shadow imp (D:5)
  A white imp (D:8)
  5 ufetubi
  An adder zombie (D:4)
  3 worms
  4 dart slugs
  99 orcs
  6 ball pythons
  14 endoplasms
  8 giant cockroaches
  6 goblins
  3 hobgoblins
  5 jackals
  11 kobolds
  A quokka (D:3)
  5 bats
  4 frilled lizards
  4 rats
  A tentacle (Shoals:3)
1272 creatures vanquished.

Vanquished Creatures (collateral kills)
  Mlioglotl (Shoals:3)
  A sphinx (Shoals:4)
  Frances (Snake:1)
  2 vault wardens
  3 ironbound preservers
  A war gargoyle (Vaults:2)
  2 ironbound thunderhulks
  A formless jellyfish (Vaults:1)
  3 dire elephants
  A minotaur (Shoals:4)
  2 purple draconians (WizLab)
  An ettin (Vaults:3)
  3 statues (WizLab)
  A yaktaur captain (Vaults:1)
  2 merfolk impalers
  3 vault guards
  2 ironbound frosthearts
  A boulder beetle (Vaults:1)
  2 centaur warriors
  A merfolk avatar (Shoals:4)
  A naga warrior (Snake:2)
  7 satyrs
  A skeletal warrior (Vaults:3)
  3 sea snakes (Shoals:4)
  12 deep trolls
  An ironbound convoker (Vaults:2)
  6 lindwurms
  4 ugly things (Vaults:1)
  2 fauns (Shoals:4)
  3 manticores (Shoals:4)
  3 vault sentinels
  A water nymph (Shoals:4)
  3 yaktaurs
  4 tengu conjurers (WizLab)
  11 merfolk
  2 snapping turtles (Shoals:4)
  A nameless horror (Vaults:2)
  6 centaurs (Shoals:3)
105 creatures vanquished.

Vanquished Creatures (others)
  An ironbound preserver (Vaults:1)
  2 statues (WizLab)
  A centaur warrior (Vaults:3)
  A tengu conjurer (WizLab)
  An orc warrior (D:9)
  An ogre (Orc:2)
  164 foxfires
  A lurking horror (Abyss:2)
  3 tentacles (Shoals:3)
175 creatures vanquished.

Grand Total: 1552 creatures vanquished

Table legend:
 A = Non-vault XP
 B = Vault XP
 C = Vault XP percentage of total XP
 D = Non-vault monster count
 E = Vault monster count
 F = Vault count percentage of total count
                 A         B        C        D         E       F
            +---------+---------+-------+---------+---------+-------
      Total |  319394 |  228302 |  41.7 |     872 |     520 |  37.4
            +---------+---------+-------+---------+---------+-------
        D:1 |      34 |       0 |   0.0 |      17 |       0 |   0.0
        D:2 |      36 |      72 |  66.7 |      11 |       2 |  15.4
        D:3 |     126 |       0 |   0.0 |      17 |       0 |   0.0
        D:4 |     307 |     651 |  68.0 |      21 |      15 |  41.7
        D:5 |     374 |     695 |  65.0 |      21 |       5 |  19.2
        D:6 |    1704 |     747 |  30.5 |      20 |       4 |  16.7
        D:7 |    1141 |       0 |   0.0 |      23 |       0 |   0.0
        D:8 |    1886 |    2607 |  58.0 |      20 |      17 |  45.9
        D:9 |    3807 |    1379 |  26.6 |      24 |      12 |  33.3
       D:10 |    1091 |    2007 |  64.8 |      14 |       4 |  22.2
       D:11 |    4583 |     942 |  17.0 |      14 |       1 |   6.7
       D:12 |    3805 |    1195 |  23.9 |      21 |      25 |  54.3
       D:13 |    2444 |    4009 |  62.1 |       7 |      10 |  58.8
       D:14 |    8614 |    7248 |  45.7 |      24 |      24 |  50.0
       D:15 |   13254 |    4331 |  24.6 |      26 |       6 |  18.8
     Lair:1 |    2014 |     281 |  12.2 |       9 |       2 |  18.2
     Lair:2 |    9118 |    2350 |  20.5 |      28 |      11 |  28.2
     Lair:3 |    6553 |    2486 |  27.5 |      29 |       5 |  14.7
     Lair:4 |    2709 |    1550 |  36.4 |      10 |       3 |  23.1
     Lair:5 |   10307 |    8275 |  44.5 |      43 |      44 |  50.6
   Shoals:1 |   16278 |    5007 |  23.5 |      31 |      10 |  24.4
   Shoals:2 |   10201 |    8286 |  44.8 |      23 |       8 |  25.8
   Shoals:3 |   13424 |   14136 |  51.3 |      24 |      29 |  54.7
   Shoals:4 |   17759 |   25687 |  59.1 |      35 |      33 |  48.5
    Snake:1 |   18940 |    1328 |   6.6 |      40 |       1 |   2.4
    Snake:2 |   17187 |   12393 |  41.9 |      30 |      20 |  40.0
    Snake:3 |   18369 |       0 |   0.0 |      31 |       0 |   0.0
    Snake:4 |   20205 |   40698 |  66.8 |      37 |      61 |  62.2
      Orc:1 |    4509 |       0 |   0.0 |      39 |       0 |   0.0
      Orc:2 |    1593 |    9784 |  86.0 |      30 |      27 |  47.4
   Vaults:1 |   35469 |    6179 |  14.8 |      53 |       8 |  13.1
   Vaults:2 |   18799 |   17249 |  47.9 |      23 |      23 |  50.0
   Vaults:3 |   48582 |   19033 |  28.1 |      66 |      32 |  32.7
    Abyss:2 |    4172 |    1086 |  20.7 |      11 |       6 |  35.3
      Sewer |       0 |     190 | 100.0 |       0 |      25 | 100.0
     WizLab |       0 |   21659 | 100.0 |       0 |      35 | 100.0
   Gauntlet |       0 |    4762 | 100.0 |       0 |      12 | 100.0
            +---------+---------+-------+---------+---------+-------

Skill      XL: |  1  2  3  4  5  6  7  8  9 10 11 12 13 14 15 16 17 18 19 20 21 |
---------------+----------------------------------------------------------------+-----
Conjurations   | 1 4 6 7 10 14 15 | 15.0
Fire Magic     | 3 4 7 8 10 11 14 | 14.1
Spellcasting   | 3 4 5 7 10 12 17 19 | 19.3
Fighting       | 2 3 4 5 7 8 12 13 14 18 | 18.3
Transmutations | 5 |  5.0
Dodging        | 6 7 |  7.6
Shields        | 6 10 11 | 11.1
Necromancy     | 2 |  2.5
Earth Magic    | 2 |  2.5
Axes           | 8 13 | 13.9
Air Magic      | 5 6 |  6.4
Armour         | 3 |  3.2
Evocations     | 2 |  2.6
Summonings     | 3 10 | 10.4
Stealth        | |  1.4

Action                     |  1- 3 |  4- 6 |  7- 9 | 10-12 | 13-15 | 16-18 | 19-21 || total
---------------------------+-------+-------+-------+-------+-------+-------+-------++-------
  Melee: Unarmed           |     1 |       |       |       |       |       |       ||     1
         Broad axe         |       |       |       |       |       |   313 |   205 ||   518
         Kick              |       |       |       |       |       |   129 |   113 ||   242
   Fire: Sling             |       |    98 |   199 |   472 |   693 |   180 |       ||  1642
   Cast: Foxfire           |    42 |    14 |    26 |    14 |     2 |       |       ||    98
         Scorch            |     1 |       |    15 |    18 |    11 |     2 |       ||    47
         Fireball          |       |       |     5 |    70 |    93 |    13 |       ||   181
         Irradiate         |       |       |       |    29 |    58 |    40 |     3 ||   130
         Inner Flame       |       |       |       |     1 |       |       |       ||     1
         Orb of Destructio |       |       |       |       |   100 |   139 |    52 ||   291
         Swiftness         |       |       |       |       |     1 |     1 |       ||     2
         Ignition          |       |       |       |       |    20 |    80 |    32 ||   132
         Borgnjor's Vile C |       |       |       |       |       |    16 |    18 ||    34
         Plasma Beam       |       |       |       |       |       |    78 |   207 ||   285
         Spellforged Servi |       |       |       |       |       |       |    55 ||    55
         Freezing Cloud    |       |       |       |       |       |       |     7 ||     7
         Animate Dead      |       |       |       |       |       |       |     2 ||     2
 Invoke: Curse Item        |     1 |     1 |     2 |     2 |     2 |     2 |     1 ||    11
         Shatter the Chain |       |       |       |     1 |     1 |     1 |     2 ||     5
  Evoke: Wand              |       |       |       |     2 |    17 |    17 |     7 ||    43
         Phial of floods   |       |       |       |       |     2 |     2 |     1 ||     5
         Phantom mirror    |       |       |       |       |     1 |     3 |     1 ||     5
         Sack of spiders   |       |       |       |       |     1 |     2 |     3 ||     6
    Use: Scroll            |       |       |       |     3 |     8 |    15 |     7 ||    33
         Potion            |       |       |       |     1 |     3 |     2 |     2 ||     8
   Stab: Distracted        |       |       |       |       |       |     1 |     6 ||     7
         Sleeping          |       |       |       |       |       |     1 |     1 ||     2
         Petrifying        |       |       |       |       |       |     2 |       ||     2
         Petrified         |       |       |       |       |       |     1 |       ||     1
 Armour: Robe              |     9 |    23 |    96 |    48 |       |       |    80 ||   256
         Steam dragon scal |       |       |       |   164 |   475 |   467 |   120 ||  1226
  Dodge: Dodged            |     7 |    14 |    63 |   206 |   440 |   225 |   109 ||  1064
  Block: Kite shield       |       |       |       |       |    40 |   358 |   176 ||   574

Illustrated notes

Table legend:
 A = Kills in this place as a percentage of kills in the entire game.
 B = Kills by you in this place as a percentage of kills by you in the entire game.
 C = Kills by friends in this place as a percentage of kills by friends in the entire game.
 D = Other kills in this place as a percentage of other kills in the entire game.
 E = Experience gained in this place as a percentage of experience gained in the entire game.
 F = Experience gained in this place divided by the number of levels of this place that you have seen.
                   A       B       C       D       E      F
               +-------+-------+-------+-------+-------+----------------------
         Total | 100.0 | 100.0 | 100.0 | 100.0 | 100.0 | 14802.6
       Dungeon |  29.1 |  31.9 |   0.0 |   0.0 |  12.6 | 4605.9
          Lair |  13.2 |  14.5 |   0.0 |   0.0 |   8.3 | 9128.6
        Shoals |  13.9 |  11.9 |  39.4 |   5.9 |  20.2 | 27694.5
     Snake Pit |  15.8 |  16.8 |   1.9 |  29.4 |  23.6 | 32280.0
  Orcish Mines |   6.9 |   7.5 |   0.0 |   5.9 |   2.9 | 7943.0
        Vaults |  14.7 |  11.4 |  50.0 |  47.1 |  26.5 | 48437.0
         Abyss |   1.2 |   1.3 |   0.0 |   0.0 |   1.0 | 5258.0
         Sewer |   1.8 |   2.0 |   0.0 |   0.0 |   0.0 | 190.0
        Wizlab |   2.5 |   1.9 |   8.7 |  11.8 |   4.0 | 21659.0
      Gauntlet |   0.9 |   0.9 |   0.0 |   0.0 |   0.9 | 4762.0
               +-------+-------+-------+-------+-------+----------------------

Table legend: (Time is in decaauts)
 A = Elapsed time spent in this place.
 B = Non-inter-level travel time spent in this place.
 C = Inter-level travel time spent in this place.
 D = Time resting spent in this place.
 E = Time spent auto-exploring this place.
 F = Levels seen in this place.
 G = Mean time per level.
                   A        B        C        D        E       F      G
               +--------+--------+--------+--------+--------+-----+--------+
         Total |  57753 |  54732 |   3021 |  14316 |  31360 |  37 | 1560.9 |
       Dungeon |  20024 |  18713 |   1311 |   3621 |  12486 |  15 | 1334.9 |
          Lair |   7861 |   7159 |    702 |   1524 |   4520 |   5 | 1572.2 |
        Shoals |   7407 |   6984 |    423 |   2645 |   2997 |   4 | 1851.8 |
     Snake Pit |   9942 |   9627 |    315 |   3068 |   5004 |   4 | 2485.5 |
  Orcish Mines |   2387 |   2239 |    148 |    518 |   1181 |   2 | 1193.5 |
        Vaults |   6478 |   6359 |    119 |   1359 |   4004 |   3 | 2159.3 |
         Abyss |    613 |    613 |      0 |    221 |    112 |   1 |  613.0 |
         Sewer |    241 |    241 |      0 |      0 |    142 |   1 |  241.0 |
        Wizlab |   2244 |   2244 |      0 |   1168 |    706 |   1 | 2244.0 |
      Gauntlet |    551 |    551 |      0 |    191 |    208 |   1 |  551.0 |
               +--------+--------+--------+--------+--------+-----+--------+

Top non-repeatable levels by time:
 Snake:4: 3544 daAuts
Shoals:1: 2682 daAuts
  Lair:2: 2539 daAuts
 Snake:3: 2461 daAuts
Vaults:3: 2387 daAuts
 Snake:1: 2369 daAuts
     D:9: 2311 daAuts
     D:8: 2280 daAuts
  WizLab: 2244 daAuts
Vaults:2: 2125 daAuts
Vaults:1: 1965 daAuts
Shoals:3: 1887 daAuts
    D:13: 1857 daAuts
    D:15: 1623 daAuts
Shoals:4: 1569 daAuts
